 Dungeon Crawl Stone Soup version 0.30-a0-223-gcb0039aa0c (webtiles) character file.

Game seed: 7907213477761156040

99773 qw the Severer (level 16, -12/104 HPs)
             Began as a Gargoyle Fighter on Oct 9, 2022.
             Was a High Priest of Okawaru.
             Mangled by a bog body (26 damage)
             ... on level 1 of the Swamp.
             The game lasted 00:11:57 (25709 turns).

qw the Severer (Gargoyle Fighter)                  Turns: 25709, Time: 00:11:58

Health: -12/104    AC: 39    Str: 26    XL:     16   Next: 26%
Magic:  23/23      EV: 11    Int: 11    God:    Okawaru [*****.]
Gold:   905        SH: 12    Dex: 12    Spells: 15/15 levels left

rFire   + . .      SeeInvis +    Y - +3 broad axe (flame)
rCold   . . .      Faith    .    c - +0 buckler
rNeg    + . .      Spirit   .    x - +1 plate armour {Will+}
rPois   inf        Reflect  +    z - +1 helmet of Leucvawk {*Corrode rF+ Dex+3}
rElec   +          Harm     .    b - +2 cloak
rCorr   +          Rampage  .    n - +2 pair of gloves
Will    ++...                    f - +0 pair of boots
Stlth   ..........               y - amulet of reflection
HPRegen 0.37/turn                w - ring of see invisible
MPRegen 0.18/turn                A - ring of resist corrosion

@: about to teleport, heroic, corroded, flying
A: sickness immunity, AC +12, big wings, negative energy resistance 1,
electricity resistance, torment resistance 1, petrification resistance
a: Renounce Religion, Heroism, Finesse, Duel


You were on level 1 of the Swamp.
You worshipped Okawaru.
Okawaru was extremely pleased with you.
You visited 5 branches of the dungeon, and saw 24 of its levels.
You also visited: Gauntlet.

You collected 2347 gold pieces.
You spent 1442 gold pieces at shops.


Innate Abilities, Weirdness & Mutations

You are immune to sickness and miasma.
Your stone body is resilient. (AC +12)
You are immune to poison.
Your large and strong wings let you fly.
You resist negative energy. (rN+)
You are resistant to electric shocks. (rElec)
You are resistant to unholy torment.
You are immune to petrification.


   Skills:
 - Level 13.0(18.0) Fighting
 + Level 17.9(22.9) Axes
 - Level 6.1(11.1) Throwing
 - Level 13.0(18.0) Armour
 - Level 4.0(9.0) Dodging
 - Level 8.1(13.1) Shields
 - Level 10.0 Invocations


You had 15 spell levels left.
You didn't know any spells.
Your spell library was empty.

Inventory:

Hand Weapons
 Y - a +3 broad axe of flaming (weapon)
Missiles
 k - 17 boomerangs
 l - 2 silver boomerangs
 t - 4 javelins (quivered)
Armour
 b - a +2 cloak (worn)
 c - a +0 buckler (worn)
 e - a +2 helmet
 f - a +0 pair of boots (worn)
 n - a +2 pair of gloves (worn)
 r - +0 acid dragon scales
 x - a +1 plate armour of willpower (worn)
 z - the +1 helmet of Leucvawk (worn) {*Corrode rF+ Dex+3}
   (You found it in a Gauntlet)

   Dex:       It affects your dexterity (+3).
   rF:        It protects you from fire.
   *Corrode:  It may corrode you when you take damage.
Jewellery
 a - a ring of fire
 g - a ring of ice
 m - a ring of ice
 w - a ring of see invisible (left hand)
 y - an amulet of reflection (around neck)
 A - a ring of resist corrosion (right hand)
Scrolls
 i - 2 scrolls of teleportation
 o - 10 scrolls of identify
Potions
 d - 5 potions of might
 h - 2 potions of resistance
 j - 18 potions of curing
 p - 9 potions of lignification
 q - 4 potions of mutation
 s - a potion of cancellation
 u - a potion of haste
 v - a potion of attraction

Dungeon Overview and Level Annotations

Branches:
Dungeon (15/15)            Temple (1/1) D:5            Lair (5/5) D:8
  Swamp (1/4) Lair:2       Spider (0/4) Lair:2        Slime (0/5) Lair:4
    Orc (2/2) D:11            Elf (0/3) Orc:2        Vaults (0/5) D:14
 Depths (0/4) D:15        Gauntlet (visited)

Altars:
Ashenzari
Cheibriados
Dithmenos
Elyvilon
Fedhas
Gozag
Hepliaklqana
Kikubaaqudgha
Makhleb
Nemelex Xobeh
Okawaru
Qazlal
Ru
Sif Muna
Trog
Uskayaw
Vehumet
Wu Jian
Xom
Yredelemnul
Zin
The Shining One
Jiyva

Shops:
D:4 **?   D:8 !   D:9 *   Orc:2 ([*:

Annotations:
D:7 3 runed translucent doors, qw's ghost, novice GrFi
D:11 1 runed translucent door
Lair:5 2 runed translucent doors


Message History

You slash the goliath frog! You burn the goliath frog.
You kill the goliath frog!
Okawaru accepts your kill.
You barely miss the alligator.
The alligator puts on a burst of speed!
You closely miss the alligator.
The alligator is heavily wounded.
The alligator closely misses you.
The alligator tail-slaps you but does no damage.
You barely miss the alligator.
The alligator is heavily wounded.
You block the alligator's attack. The alligator closely misses you.
You slice the alligator!! You burn the alligator!
The alligator is almost dead.
The alligator bites you! The alligator tail-slaps you.
25702 ||| READING 4 scrolls of teleportation.
As you read the scroll of teleportation, it crumbles to dust.
You feel strangely unstable.
The alligator bites you but does no damage.
The alligator tail-slaps you but does no damage.
You closely miss the alligator.
The alligator is almost dead.
You block the alligator's attack.
The alligator tail-slaps you but does no damage.
You closely miss the alligator.
The alligator is almost dead.
The alligator bites you but does no damage.
You block the alligator's attack.
You slice the alligator!! You burn the alligator.
You kill the alligator!
Okawaru accepts your kill.
You start resting.
Your surroundings seem slightly different.
A bog body comes into view.
25708 ||| READING 3 scrolls of teleportation.
As you read the scroll of teleportation, it crumbles to dust.
You feel strangely unstable. The bog body touches you!
Your corrosive artefact corrodes you!
The bog body freezes you!!
You die...

7...~..... ~~~.~..7
7~.~.7 77
7~..)777~~$[..~.~ 7..
7~%......~.~...~.
...~7777.777....~...~.~~
7...~~~..7 ....¤~..~..~
..~......777.77.....~~~.
.~~~..~@.~~..7~~..~...~.
.~...~n.~.....~ 7....i..
.~..~..~..~.~.. 77~)i..
.~.....¤.~.~~.. 7.~....
~~.~.........~...~.~.~..
.77~....7¤77.7.7~7~~....


777777777 77 7 7777777 You could see a bog body.

Vanquished Creatures
  Jorgrun (D:14)
  2 orc warlords (Orc:2)
  A stone giant (D:15)
  A minotaur (Gauntlet)
  Snorg (Lair:5)
  Harold (D:10)
  Fannar (D:11)
  3 centaur warriors
  3 hydras
  4 vault guards (D:14)
  Erolcha (D:11)
  A two-headed ogre (D:12)
  4 boulder beetles
  A catoblepas (Lair:4)
  4 alligators (Swamp:1)
  13 death yaks
  An orc high priest (Orc:2)
  3 tengu warriors
  Amaemon (D:10)
  A goliath frog (Swamp:1)
  2 spriggan druids (Swamp:1)
  A wizard (D:15)
  A lindwurm (Lair:5)
  2 deep elf pyromancers
  A bog body (Lair:2)
  4 orc knights (Orc:2)
  5 manticores
  8 orc sorcerers (Orc:2)
  16 ugly things
  4 cyclopes
  A manticore (shapeshifter) (D:14)
  Maurice (D:8)
  A torpor snail (Gauntlet)
  11 elephants
  2 gargoyles
  8 black mambas
  2 molten gargoyles (Lair:5)
  An orange demon (D:10)
  2 unseen horrors
  6 cane toads
  A minotaur zombie (Gauntlet)
  Psyche (D:10)
  An efreet (D:15)
  3 kobold demonologists (D:12)
  3 rime drakes
  11 komodo dragons
  An unseen horror (shapeshifter) (D:13)
  A tengu conjurer (D:13)
  10 trolls
  3 polar bears
  2 hornets
  7 blink frogs
  Grinder (D:6)
  2 raiju (Gauntlet)
  6 slime creatures
  7 dream sheep (Lair:3)
  2 centaur simulacra (D:15)
  41 yaks
  Sigmund (D:6)
  6 basilisks
  6 wraiths
  14 fire bats (D:11)
  A shadow (D:11)
  4 culicivoras (Lair:2)
  2 spriggans (Swamp:1)
  7 wyverns
  3 steam dragons (Lair:5)
  7 humans (D:14)
  Grum (D:10)
  13 vampire mosquitoes
  6 wargs
  A harpy simulacrum (D:15)
  A swamp worm (Swamp:1)
  An acid dragon (D:11)
  14 water moccasins
  4 hell hounds (Lair:5)
  3 ice beasts
  29 orc warriors
  3 black bears
  A sky beast (D:6)
  10 wolves
  13 centaurs
  4 ogres
  A phantom (D:4)
  2 kobold brigands (D:12)
  15 bullfrogs
  A necrophage (D:5)
  A gnoll sergeant (D:11)
  A scorpion (shapeshifter) (D:15)
  Blork the orc (D:6)
  4 scorpions
  8 wights
  A howler monkey (D:12)
  6 crimson imps (D:9)
  5 lava snakes (Lair:5)
  5 jellies
  8 orc priests
  5 hounds
  3 iguanas
  15 orc wizards
  6 hell rats
  A lightning spire (Gauntlet)
  A boggart simulacrum (D:15)
  8 gnolls
  7 adders
  21 river rats
  2 shadow imps
  6 white imps
  4 ufetubi
  A worm (D:4)
  3 dart slugs
  73 orcs
  8 endoplasms
  3 giant cockroaches
  5 goblins
  7 hobgoblins
  9 quokkas
  7 ball pythons
  2 ball python zombies (D:3)
  92 bats
  2 frilled lizards (D:2)
  5 kobolds
  18 rats
758 creatures vanquished.

Vanquished Creatures (others)
  A vault guard (D:14)
  A bloated husk (Swamp:1)
  A spriggan (Swamp:1)
  A bush (Lair:5)
  42 fungi
  46 plants
  29 withered plants
121 creatures vanquished.

Grand Total: 879 creatures vanquished

Notes
Turn   | Place    | Note
-------+----------+-------------------------------------------
     0 | D:1      | qw the Gargoyle Fighter began the quest for the Orb.
     0 | D:1      | Reached XP level 1. HP: 14/14 MP: 1/1
     0 | D:1      | 0 ||| qw: Version: 0.2-a-17-g06abaee
     0 | D:1      | 0 ||| qw: Game counter: 2198
     0 | D:1      | 0 ||| qw: Always use a shield: true
     0 | D:1      | 0 ||| qw: God list: Okawaru
     0 | D:1      | 0 ||| qw: Allow faded altars: false
     0 | D:1      | 0 ||| qw: Do Orc after D:15 true
     0 | D:1      | 0 ||| qw: Do second Lair branch before Depths: true
     0 | D:1      | 0 ||| qw: Lair rune preference: random
     0 | D:1      | 0 ||| qw: Plans: Normal, Zot:1-4, God:TSO, Crypt, Tomb,
                  | Pan, Slime:5, Hells, Abyss, Orb
     0 | D:1      | 0 ||| PLANNING D:1-11
    53 | D:1      | Reached skill level 2 in Axes
    71 | D:1      | Reached XP level 2. HP: 13/19 MP: 2/2
   210 | D:1      | 210 ||| Stepping ~*~*~tactically~*~*~ (stealth).
   219 | D:1      | 219 ||| Stepping ~*~*~tactically~*~*~ (stealth).
   497 | D:1      | Reached skill level 3 in Axes
   509 | D:1      | Reached XP level 3. HP: 23/23 MP: 3/3
   799 | D:1      | 799 ||| UPGRADING to +0 helmet.
   804 | D:1      | 804 ||| READING scroll labelled ERITIXTIW NUGO.
   805 | D:1      | 805 ||| READING scroll labelled EHOMU VI VYRO.
   806 | D:1      | 806 ||| READING scroll labelled RIRECE KOYSKA.
   807 | D:1      | 807 ||| READING scroll labelled SITEQI YZAU.
   822 | D:1      | 822 ||| READING scroll labelled UFORGH BAREONKE.
   823 | D:1      | 823 ||| READING scroll labelled MYNILO OZIMPAE.
   824 | D:1      | 824 ||| READING 2 scrolls labelled AFEUXK GIUHE.
   825 | D:1      | 825 ||| DRINKING 2 viscous green potions.
   826 | D:1      | 826 ||| DROPPING potion of flight.
   868 | D:2      | 868 ||| READING scroll of enchant armour.
   868 | D:2      | 868 ||| ENCHANTING +0 helmet.
   914 | D:2      | 914 ||| FLEEEEING.
   918 | D:2      | 918 ||| FLEEEEING.
   919 | D:2      | 919 ||| FLEEEEING.
   921 | D:2      | 921 ||| FLEEEEING.
   926 | D:2      | 926 ||| STAIRDANCE
   928 | D:1      | 928 ||| DROPPING +0 club.
   929 | D:1      | 929 ||| READING 2 scrolls of identify.
   929 | D:1      | 929 ||| IDENTIFYING red potion
   932 | D:2      | 932 ||| STAIRDANCE
   936 | D:2      | 936 ||| STAIRDANCE
   944 | D:2      | 944 ||| STAIRDANCE
   987 | D:2      | 987 ||| STAIRDANCE
   991 | D:2      | 991 ||| STAIRDANCE
  1025 | D:2      | 1025 ||| STAIRDANCE
  1029 | D:2      | 1029 ||| STAIRDANCE
  1041 | D:2      | 1041 ||| STAIRDANCE
  1045 | D:2      | 1045 ||| STAIRDANCE
  1049 | D:2      | 1049 ||| STAIRDANCE
  1053 | D:2      | 1053 ||| STAIRDANCE
  1057 | D:2      | 1057 ||| STAIRDANCE
  1092 | D:2      | 1092 ||| STAIRDANCE
  1096 | D:2      | 1096 ||| STAIRDANCE
  1100 | D:2      | 1100 ||| STAIRDANCE
  1104 | D:2      | 1104 ||| STAIRDANCE
  1108 | D:2      | 1108 ||| STAIRDANCE
  1144 | D:2      | 1144 ||| STAIRDANCE
  1148 | D:2      | 1148 ||| STAIRDANCE
  1193 | D:2      | Reached XP level 4. HP: 22/28 MP: 4/4
  1197 | D:2      | Reached skill level 4 in Axes
  1209 | D:2      | 1209 ||| FLEEEEING.
  1230 | D:2      | 1230 ||| Stepping ~*~*~tactically~*~*~ (stealth).
  1232 | D:2      | 1232 ||| FLEEEEING.
  1233 | D:2      | 1233 ||| Stepping ~*~*~tactically~*~*~ (hiding).
  1234 | D:2      | 1234 ||| Stepping ~*~*~tactically~*~*~ (hiding).
  1237 | D:2      | 1237 ||| Stepping ~*~*~tactically~*~*~ (hiding).
  1377 | D:2      | Identified the +5 quarterstaff of Slow Death {antimagic,
                  | Int+4}
  2035 | D:2      | 2035 ||| READING scroll labelled PALEMN XUICROM.
  2111 | D:3      | 2111 ||| SWAPPING to +1 war axe of draining.
  2112 | D:3      | 2112 ||| DROPPING +0 war axe of chaos.
  2385 | D:3      | Reached XP level 5. HP: 32/32 MP: 5/5
  2633 | D:3      | Found a basalt altar of Yredelemnul.
  2732 | D:3      | 2732 ||| UPGRADING to +0 pair of gloves.
  2737 | D:3      | 2737 ||| READING scroll labelled QOGUC ZAYFU.
  2742 | D:3      | 2742 ||| READING scroll labelled COGEAL JEENERRO.
  2743 | D:3      | 2743 ||| DRINKING 2 glowing black potions.
  2848 | D:3      | 2848 ||| READING 2 scrolls of identify.
  2848 | D:3      | 2848 ||| IDENTIFYING inky potion
  2849 | D:3      | 2849 ||| DROPPING potion of berserk rage.
  2871 | D:4      | 2871 ||| STAIRDANCE
  2883 | D:4      | 2883 ||| STAIRDANCE
  2917 | D:4      | Reached skill level 5 in Axes
  2933 | D:4      | 2933 ||| Stepping ~*~*~tactically~*~*~ (stealth).
  2939 | D:4      | 2939 ||| Stepping ~*~*~tactically~*~*~ (stealth).
  2947 | D:4      | 2947 ||| Stepping ~*~*~tactically~*~*~ (stealth).
  2949 | D:4      | 2949 ||| Stepping ~*~*~tactically~*~*~ (stealth).
  2952 | D:4      | 2952 ||| Stepping ~*~*~tactically~*~*~ (stealth).
  2968 | D:4      | 2968 ||| FLEEEEING.
  2969 | D:4      | 2969 ||| FLEEEEING.
  2970 | D:4      | 2970 ||| FLEEEEING.
  2971 | D:4      | 2971 ||| FLEEEEING.
  2972 | D:4      | 2972 ||| FLEEEEING.
  2973 | D:4      | 2973 ||| FLEEEEING.
  2974 | D:4      | 2974 ||| FLEEEEING.
  2975 | D:4      | 2975 ||| FLEEEEING.
  2978 | D:4      | 2978 ||| FLEEEEING.
  2979 | D:4      | 2979 ||| FLEEEEING.
  2980 | D:4      | 2980 ||| FLEEEEING.
  2981 | D:4      | 2981 ||| STAIRDANCE
  3002 | D:4      | 3002 ||| STAIRDANCE
  3069 | D:4      | 3069 ||| Stepping ~*~*~tactically~*~*~ (stealth).
  3075 | D:4      | 3075 ||| Stepping ~*~*~tactically~*~*~ (stealth).
  3094 | D:4      | Found Meunab's Magic Scroll Emporium.
  3221 | D:4      | Noticed an ogre
  3225 | D:4      | Killed an ogre
  3226 | D:4      | Reached XP level 6. HP: 38/38 MP: 6/6
  3227 | D:4      | 3227 ||| BUYING scroll of teleportation (42 gold).
  3227 | D:4      | Bought a scroll of teleportation for 42 gold pieces
  3227 | D:4      | 3227 ||| BUYING scroll of teleportation (42 gold).
  3227 | D:4      | Bought a scroll of teleportation for 42 gold pieces
  3398 | D:4      | Found Qempuj's General Store.
  3404 | D:4      | 3404 ||| SHOPLISTING +2 scale mail of fire resistance (231
                  | gold, have 146).
  3426 | D:4      | Found Gotihih's Assorted Antiques.
  3433 | D:4      | 3433 ||| BUYING fuming white potion (25 gold).
  3433 | D:4      | Bought a fuming white potion for 25 gold pieces
  3433 | D:4      | 3433 ||| SHOPLISTING glowing helmet (210 gold, have 121).
  3433 | D:4      | 3433 ||| BUYING grey potion (25 gold).
  3433 | D:4      | Bought a grey potion for 25 gold pieces
  3433 | D:4      | 3433 ||| SHOPLISTING potion of resistance (280 gold, have
                  | 96).
  3433 | D:4      | 3433 ||| BUYING scroll labelled BUTHOL DITU (28 gold).
  3433 | D:4      | Bought a scroll labelled BUTHOL DITU for 28 gold pieces
  3433 | D:4      | 3433 ||| BUYING smoky ruby potion (25 gold).
  3433 | D:4      | Bought a smoky ruby potion for 25 gold pieces
  3433 | D:4      | 3433 ||| SHOPLISTING tubular coral ring (140 gold, have
                  | 43).
  3530 | D:4      | 3530 ||| READING scroll labelled BUTHOL DITU.
  3531 | D:4      | 3531 ||| DRINKING 2 fuming white potions.
  3532 | D:4      | 3532 ||| DRINKING 2 grey potions.
  3582 | D:5      | Entered Level 5 of the Dungeon
  3583 | D:5      | 3583 ||| STAIRDANCE
  3588 | D:5      | 3588 ||| STAIRDANCE
  3655 | D:5      | 3655 ||| STAIRDANCE
  3665 | D:4      | Reached skill level 1 in Dodging
  3683 | D:5      | 3683 ||| STAIRDANCE
  3722 | D:5      | Found an opulent altar of Gozag.
  3748 | D:5      | Reached XP level 7. HP: 29/44 MP: 7/7
  3843 | D:5      | Found a staircase to the Ecumenical Temple.
  3844 | D:5      | 3844 ||| PLANNING TEMPLE
  3847 | D:5      | 3847 ||| FLEEEEING.
  3848 | D:5      | 3848 ||| FLEEEEING.
  3849 | D:5      | 3849 ||| FLEEEEING.
  3850 | D:5      | 3850 ||| FLEEEEING.
  3851 | D:5      | 3851 ||| FLEEEEING.
  3852 | D:5      | 3852 ||| FLEEEEING.
  3853 | D:5      | 3853 ||| FLEEEEING.
  3854 | D:5      | 3854 ||| FLEEEEING.
  3855 | D:5      | 3855 ||| FLEEEEING.
  3856 | D:5      | 3856 ||| FLEEEEING.
  3857 | D:5      | 3857 ||| FLEEEEING.
  3858 | D:5      | 3858 ||| FLEEEEING.
  3859 | D:5      | 3859 ||| FLEEEEING.
  3860 | D:5      | 3860 ||| FLEEEEING.
  3861 | D:5      | 3861 ||| FLEEEEING.
  3862 | D:5      | 3862 ||| FLEEEEING.
  3863 | D:5      | 3863 ||| FLEEEEING.
  3864 | D:5      | 3864 ||| FLEEEEING.
  3865 | D:5      | 3865 ||| FLEEEEING.
  3867 | D:5      | 3867 ||| FLEEEEING.
  3872 | D:5      | 3872 ||| FLEEEEING.
  3873 | D:5      | 3873 ||| STAIRDANCE
  3877 | D:5      | 3877 ||| STAIRDANCE
  3881 | D:5      | 3881 ||| STAIRDANCE
  3889 | D:4      | Reached skill level 6 in Axes
  3891 | D:5      | 3891 ||| STAIRDANCE
  3895 | D:5      | 3895 ||| STAIRDANCE
  3899 | D:5      | 3899 ||| STAIRDANCE
  3903 | D:5      | 3903 ||| STAIRDANCE
  3907 | D:5      | 3907 ||| STAIRDANCE
  3911 | D:5      | 3911 ||| STAIRDANCE
  3915 | D:5      | 3915 ||| STAIRDANCE
  3956 | D:5      | 3956 ||| STAIRDANCE
  3960 | D:5      | 3960 ||| STAIRDANCE
  3964 | D:5      | 3964 ||| STAIRDANCE
  3968 | D:5      | 3968 ||| STAIRDANCE
  3972 | D:5      | 3972 ||| STAIRDANCE
  3976 | D:5      | 3976 ||| STAIRDANCE
  4046 | D:5      | 4046 ||| FLEEEEING.
  4047 | D:5      | 4047 ||| FLEEEEING.
  4050 | D:5      | 4050 ||| FLEEEEING.
  4051 | D:5      | 4051 ||| FLEEEEING.
  4052 | D:5      | 4052 ||| FLEEEEING.
  4053 | D:5      | 4053 ||| FLEEEEING.
  4054 | D:5      | 4054 ||| FLEEEEING.
  4055 | D:5      | 4055 ||| FLEEEEING.
  4056 | D:5      | 4056 ||| FLEEEEING.
  4057 | D:5      | 4057 ||| FLEEEEING.
  4058 | D:5      | 4058 ||| FLEEEEING.
  4059 | D:5      | 4059 ||| FLEEEEING.
  4060 | D:5      | 4060 ||| FLEEEEING.
  4061 | D:5      | 4061 ||| FLEEEEING.
  4062 | D:5      | 4062 ||| FLEEEEING.
  4063 | D:5      | 4063 ||| FLEEEEING.
  4064 | D:5      | 4064 ||| FLEEEEING.
  4065 | D:5      | 4065 ||| FLEEEEING.
  4066 | D:5      | 4066 ||| FLEEEEING.
  4071 | D:5      | 4071 ||| FLEEEEING.
  4122 | D:5      | 4122 ||| FLEEEEING.
  4123 | D:5      | 4123 ||| FLEEEEING.
  4124 | D:5      | 4124 ||| FLEEEEING.
  4125 | D:5      | 4125 ||| FLEEEEING.
  4126 | D:5      | 4126 ||| FLEEEEING.
  4127 | D:5      | 4127 ||| FLEEEEING.
  4128 | D:5      | 4128 ||| FLEEEEING.
  4129 | D:5      | 4129 ||| FLEEEEING.
  4130 | D:5      | 4130 ||| FLEEEEING.
  4131 | D:5      | 4131 ||| FLEEEEING.
  4132 | D:5      | 4132 ||| FLEEEEING.
  4133 | D:5      | 4133 ||| FLEEEEING.
  4134 | D:5      | 4134 ||| FLEEEEING.
  4135 | D:5      | 4135 ||| FLEEEEING.
  4136 | D:5      | 4136 ||| FLEEEEING.
  4137 | D:5      | 4137 ||| FLEEEEING.
  4138 | D:5      | 4138 ||| FLEEEEING.
  4140 | D:5      | 4140 ||| FLEEEEING.
  4141 | D:5      | 4141 ||| FLEEEEING.
  4142 | D:5      | 4142 ||| FLEEEEING.
  4143 | D:5      | 4143 ||| FLEEEEING.
  4148 | D:5      | 4148 ||| FLEEEEING.
  4186 | Temple   | Entered the Ecumenical Temple
  4186 | Temple   | Found a transporter.
  4186 | Temple   | Found a transporter.
  4188 | Temple   | Found a transporter.
  4188 | Temple   | Found a transporter.
  4198 | Temple   | 4198 ||| PLANNING D:1-11
  4259 | Temple   | 4259 ||| PLANNING OKAWARU WORSHIP
  4263 | Temple   | Became a worshipper of Warmaster Okawaru
  4264 | Temple   | 4264 ||| PLANNING D:1-11
  4307 | D:5      | Reached skill level 7 in Axes
  4333 | D:5      | Reached XP level 8. HP: 40/49 MP: 8/8
  4449 | D:5      | Reached * piety under Okawaru
  4498 | D:5      | Reached skill level 1 in Invocations
  4532 | D:5      | 4532 ||| DROPPING +0 mace.
  4538 | D:5      | 4538 ||| Stepping ~*~*~tactically~*~*~ (stealth).
  4540 | D:5      | 4540 ||| Stepping ~*~*~tactically~*~*~ (stealth).
  4545 | D:5      | 4545 ||| INVOKING Heroism.
  4649 | D:5      | 4649 ||| READING scroll of enchant armour.
  4649 | D:5      | 4649 ||| ENCHANTING +0 pair of gloves.
  4667 | D:5      | Found an ornate altar of the Wu Jian Council.
  4883 | D:6      | Noticed Blork the orc
  4884 | D:6      | 4884 ||| Stepping ~*~*~tactically~*~*~ (hiding).
  4888 | D:6      | 4888 ||| INVOKING Heroism.
  4893 | D:6      | Killed Blork the orc
  4894 | D:6      | Reached skill level 8 in Axes
  4991 | D:6      | Noticed Sigmund
  4992 | D:6      | 4992 ||| INVOKING Heroism.
  4996 | D:6      | Killed Sigmund
  4997 | D:6      | Reached skill level 3 in Invocations
  5230 | D:6      | 5230 ||| INVOKING Heroism.
  5232 | D:6      | 5232 ||| Stepping ~*~*~tactically~*~*~ (stealth).
  5337 | D:6      | Reached skill level 6 in Fighting
  5349 | D:6      | Noticed Grinder
  5350 | D:6      | 5350 ||| INVOKING Heroism.
  5363 | D:6      | Killed Grinder
  5364 | D:6      | Reached XP level 9. HP: 55/55 MP: 9/12
  5453 | D:6      | 5453 ||| Stepping ~*~*~tactically~*~*~ (stealth).
  5454 | D:6      | 5454 ||| Stepping ~*~*~tactically~*~*~ (stealth).
  5493 | D:6      | Found a shimmering blue altar of Sif Muna.
  5604 | D:6      | 5604 ||| READING scroll labelled GUBYX FUNINOFU.
  5605 | D:6      | 5605 ||| READING scroll labelled OFY HACHO ZAQE.
  5606 | D:6      | 5606 ||| READING scroll labelled WAHEONTOROT.
  5637 | D:7      | 5637 ||| INVOKING Heroism.
  5764 | D:7      | 5764 ||| INVOKING Heroism.
  5790 | D:7      | Reached skill level 9 in Axes
  5803 | D:7      | Found a snail-covered altar of Cheibriados.
  5857 | D:7      | 5857 ||| Stepping ~*~*~tactically~*~*~ (hiding).
  5980 | D:7      | Found a stormy altar of Qazlal.
  5993 | D:7      | 5993 ||| Stepping ~*~*~tactically~*~*~ (stealth).
  6000 | D:7      | Reached ** piety under Okawaru
  6382 | D:7      | Found a runed translucent gate.
  6382 | D:7      | Found a runed translucent gate.
  6383 | D:7      | Found a runed translucent gate.
  6385 | D:7      | Noticed qw's ghost (novice GrFi)
  6385 | D:7      | Noticed qw's ghost (novice GrFi)
  6547 | D:7      | 6547 ||| INVOKING Heroism.
  6708 | D:7      | 6708 ||| UPGRADING to +0 chain mail.
  6718 | D:7      | 6718 ||| DROPPING +0 scale mail.
  6719 | D:7      | 6719 ||| UPGRADING to amulet of the acrobat.
  6724 | D:7      | 6724 ||| READING scroll labelled HALAOF XANOKH.
  6725 | D:7      | 6725 ||| READING 2 scrolls of identify.
  6725 | D:7      | 6725 ||| IDENTIFYING orange potion
  6726 | D:7      | 6726 ||| DROPPING potion of brilliance.
  6812 | D:8      | Found Alejoj's Distillery.
  6817 | D:8      | 6817 ||| BUYING 2 potions of heal wounds (150 gold).
  6817 | D:8      | Bought 2 potions of heal wounds for 150 gold pieces
  6817 | D:8      | 6817 ||| BUYING potion of curing (45 gold).
  6817 | D:8      | Bought a potion of curing for 45 gold pieces
  6817 | D:8      | 6817 ||| BUYING potion of curing (45 gold).
  6817 | D:8      | Bought a potion of curing for 45 gold pieces
  6817 | D:8      | 6817 ||| SHOPLISTING potion of heal wounds (75 gold, have
                  | 17).
  6817 | D:8      | 6817 ||| SHOPLISTING potion of might (60 gold, have 17).
  6817 | D:8      | 6817 ||| SHOPLISTING potion of mutation (120 gold, have
                  | 17).
  6817 | D:8      | 6817 ||| SHOPLISTING potion of resistance (150 gold, have
                  | 17).
  6879 | D:8      | Noticed a death yak
  6880 | D:8      | 6880 ||| INVOKING Heroism.
  6883 | D:8      | Noticed a death yak
  6883 | D:8      | Noticed a death yak
  6884 | D:8      | 6884 ||| Stepping ~*~*~tactically~*~*~ (stealth).
  6885 | D:8      | 6885 ||| Stepping ~*~*~tactically~*~*~ (stealth).
  6888 | D:8      | Noticed a death yak
  6892 | D:8      | Noticed a death yak
  6893 | D:8      | Noticed a death yak
  6898 | D:8      | Noticed a death yak
  6899 | D:8      | Noticed a death yak
  6900 | D:8      | HP: 13/56 [death yak (2)]
  6901 | D:8      | 6901 ||| READING 6 scrolls of teleportation.
  6902 | D:8      | 6902 ||| DRINKING 5 potions of heal wounds.
  7153 | D:8      | 7153 ||| Stepping ~*~*~tactically~*~*~ (hiding).
  7156 | D:8      | 7156 ||| INVOKING Heroism.
  7250 | D:8      | Found a staircase to the Lair.
  7336 | D:8      | Noticed Maurice
  7337 | D:8      | 7337 ||| Stepping ~*~*~tactically~*~*~ (hiding).
  7340 | D:8      | 7340 ||| INVOKING Heroism.
  7352 | D:8      | Killed a death yak
  7357 | D:8      | 7357 ||| Stepping ~*~*~tactically~*~*~ (stealth).
  7368 | D:8      | 7368 ||| INVOKING Heroism.
  7369 | D:8      | Killed a death yak
  7370 | D:8      | Reached skill level 6 in Armour
  7370 | D:8      | Reached XP level 10. HP: 20/65 MP: 10/13
  7370 | D:8      | Killed a death yak
  7370 | D:8      | Reached *** piety under Okawaru
  7374 | D:8      | Killed a death yak
  7374 | D:8      | Reached **** piety under Okawaru
  7375 | D:8      | Reached skill level 10 in Axes
  7375 | D:8      | Killed a death yak
  7375 | D:8      | Received a gift from Okawaru
  7376 | D:8      | Reached skill level 3 in Throwing
  7376 | D:8      | HP: 10/65 [death yak (12)]
  7377 | D:8      | 7377 ||| READING 6 scrolls of teleportation.
  7378 | D:8      | 7378 ||| DRINKING 4 potions of heal wounds.
  7382 | D:8      | Killed a death yak
  7383 | D:8      | Reached skill level 6 in Invocations
  7581 | D:8      | 7581 ||| INVOKING Heroism.
  7587 | D:8      | Killed a death yak
  7588 | D:8      | Reached XP level 11. HP: 51/69 MP: 12/15
  7595 | D:8      | Killed a death yak
  7595 | D:8      | Received a gift from Okawaru
  7609 | D:8      | Killed Maurice
  7609 | D:8      | Reached ***** piety under Okawaru
  7766 | D:8      | Found a broken altar of Ashenzari.
  7944 | D:8      | 7944 ||| INVOKING Heroism.
  7960 | D:8      | 7960 ||| DROPPING +0 flail.
  8089 | D:8      | 8089 ||| PLANNING LAIR
  8089 | D:8      | 8089 ||| UPGRADING to +2 cloak.
  8094 | D:8      | 8094 ||| READING 2 scrolls of identify.
  8094 | D:8      | 8094 ||| IDENTIFYING smoky ruby potion
  8151 | Lair:1   | Entered Level 1 of the Lair of Beasts
  8153 | Lair:1   | 8153 ||| INVOKING Heroism.
  8304 | Lair:1   | Received a gift from Okawaru
  8387 | Lair:1   | 8387 ||| Stepping ~*~*~tactically~*~*~ (stealth).
  8390 | Lair:1   | 8390 ||| INVOKING Heroism.
  8407 | Lair:1   | Reached skill level 11 in Axes
  8452 | Lair:1   | 8452 ||| INVOKING Heroism.
  8464 | Lair:1   | Reached skill level 9 in Fighting
  8563 | Lair:1   | Received a gift from Okawaru
  9121 | Lair:2   | 9121 ||| INVOKING Heroism.
  9123 | Lair:2   | 9123 ||| Stepping ~*~*~tactically~*~*~ (stealth).
  9139 | Lair:2   | Reached skill level 9 in Invocations
  9148 | Lair:2   | 9148 ||| Stepping ~*~*~tactically~*~*~ (stealth).
  9154 | Lair:2   | Received a gift from Okawaru
  9180 | Lair:2   | 9180 ||| Stepping ~*~*~tactically~*~*~ (stealth).
  9190 | Lair:2   | 9190 ||| Stepping ~*~*~tactically~*~*~ (stealth).
  9194 | Lair:2   | 9194 ||| Stepping ~*~*~tactically~*~*~ (stealth).
  9200 | Lair:2   | Received a gift from Okawaru
  9209 | Lair:2   | 9209 ||| Stepping ~*~*~tactically~*~*~ (stealth).
  9254 | Lair:2   | 9254 ||| FLEEEEING.
  9255 | Lair:2   | 9255 ||| FLEEEEING.
  9256 | Lair:2   | 9256 ||| FLEEEEING.
  9257 | Lair:2   | 9257 ||| FLEEEEING.
  9298 | Lair:2   | 9298 ||| Stepping ~*~*~tactically~*~*~ (stealth).
  9301 | Lair:2   | 9301 ||| Stepping ~*~*~tactically~*~*~ (stealth).
  9362 | Lair:2   | 9362 ||| Stepping ~*~*~tactically~*~*~ (stealth).
  9556 | Lair:2   | 9556 ||| INVOKING Heroism.
  9568 | Lair:2   | Reached XP level 12. HP: 71/76 MP: 17/19
  9648 | Lair:2   | 9648 ||| INVOKING Heroism.
  9654 | Lair:2   | Reached skill level 12 in Axes
  9797 | Lair:2   | Found a staircase to the Swamp.
  9815 | Lair:2   | 9815 ||| INVOKING Heroism.
  9978 | Lair:2   | Found a hole to the Spider Nest.
 10000 | Lair:2   | Reached skill level 6 in Shields
 10002 | Lair:2   | 10002 ||| INVOKING Heroism.
 10335 | Lair:2   | 10335 ||| UPGRADING to +0 plate armour.
 10345 | Lair:2   | 10345 ||| DROPPING +0 chain mail.
 10346 | Lair:2   | 10346 ||| DROPPING ring of wizardry.
 10347 | Lair:2   | 10347 ||| READING 2 scrolls of identify.
 10347 | Lair:2   | 10347 ||| IDENTIFYING sedimented silvery potion
 10348 | Lair:2   | 10348 ||| DROPPING potion of ambrosia.
 10389 | Lair:3   | 10389 ||| STAIRDANCE
 10409 | Lair:3   | 10409 ||| STAIRDANCE
 10603 | Lair:3   | 10603 ||| INVOKING Heroism.
 10707 | Lair:3   | 10707 ||| INVOKING Heroism.
 10717 | Lair:3   | 10717 ||| Stepping ~*~*~tactically~*~*~ (stealth).
 10723 | Lair:3   | Received a gift from Okawaru
 10724 | Lair:3   | Reached skill level 9 in Armour
 10739 | Lair:3   | 10739 ||| SWAPPING to +1 broad axe of flaming.
 10740 | Lair:3   | 10740 ||| DROPPING +0 morningstar.
 10741 | Lair:3   | 10741 ||| DROPPING +2 war axe of draining.
 10754 | Lair:3   | 10754 ||| Stepping ~*~*~tactically~*~*~ (stealth).
 10756 | Lair:3   | 10756 ||| INVOKING Heroism.
 10817 | Lair:3   | 10817 ||| INVOKING Heroism.
 10901 | Lair:3   | 10901 ||| Stepping ~*~*~tactically~*~*~ (stealth).
 10903 | Lair:3   | 10903 ||| Stepping ~*~*~tactically~*~*~ (stealth).
 10932 | Lair:3   | 10932 ||| INVOKING Heroism.
 10934 | Lair:3   | 10934 ||| Stepping ~*~*~tactically~*~*~ (stealth).
 10941 | Lair:3   | 10941 ||| Stepping ~*~*~tactically~*~*~ (stealth).
 10942 | Lair:3   | 10942 ||| Stepping ~*~*~tactically~*~*~ (stealth).
 10944 | Lair:3   | 10944 ||| Stepping ~*~*~tactically~*~*~ (stealth).
 11073 | Lair:3   | Noticed a death yak
 11073 | Lair:3   | Noticed a death yak
 11073 | Lair:3   | Noticed a death yak
 11074 | Lair:3   | 11074 ||| Stepping ~*~*~tactically~*~*~ (stealth).
 11075 | Lair:3   | 11075 ||| INVOKING Heroism.
 11076 | Lair:3   | 11076 ||| INVOKING Finesse.
 11079 | Lair:3   | Noticed a death yak
 11087 | Lair:3   | Killed a death yak
 11090 | Lair:3   | Killed a death yak
 11097 | Lair:3   | Killed a death yak
 11105 | Lair:3   | Killed a death yak
 11210 | Lair:3   | Noticed a boulder beetle
 11211 | Lair:3   | 11211 ||| INVOKING Heroism.
 11212 | Lair:3   | 11212 ||| INVOKING Finesse.
 11221 | Lair:3   | Killed a boulder beetle
 11222 | Lair:3   | Reached skill level 13 in Axes
 11297 | Lair:3   | Reached XP level 13. HP: 82/82 MP: 20/20
 11561 | Lair:3   | 11561 ||| Stepping ~*~*~tactically~*~*~ (stealth).
 11563 | Lair:3   | 11563 ||| Stepping ~*~*~tactically~*~*~ (stealth).
 11565 | Lair:3   | 11565 ||| Stepping ~*~*~tactically~*~*~ (stealth).
 11583 | Lair:3   | 11583 ||| Stepping ~*~*~tactically~*~*~ (stealth).
 11595 | Lair:3   | 11595 ||| Stepping ~*~*~tactically~*~*~ (stealth).
 11598 | Lair:3   | 11598 ||| INVOKING Heroism.
 11611 | Lair:3   | Received a gift from Okawaru
 11631 | Lair:3   | 11631 ||| INVOKING Heroism.
 11656 | Lair:3   | 11656 ||| Stepping ~*~*~tactically~*~*~ (stealth).
 11658 | Lair:3   | 11658 ||| Stepping ~*~*~tactically~*~*~ (stealth).
 11659 | Lair:3   | 11659 ||| Stepping ~*~*~tactically~*~*~ (stealth).
 11677 | Lair:3   | 11677 ||| Stepping ~*~*~tactically~*~*~ (stealth).
 11910 | Lair:3   | 11910 ||| UPGRADING to +2 helmet.
 11920 | Lair:3   | 11920 ||| DROPPING +1 helmet.
 11921 | Lair:3   | 11921 ||| UPGRADING to ring of see invisible.
 11922 | Lair:3   | 11922 ||| READING 2 scrolls of identify.
 11922 | Lair:3   | 11922 ||| IDENTIFYING bubbling ruby potion
 11994 | Lair:4   | 11994 ||| INVOKING Heroism.
 11995 | Lair:4   | 11995 ||| INVOKING Finesse.
 11996 | Lair:4   | Found a frozen archway.
 12009 | Lair:4   | 12009 ||| Stepping ~*~*~tactically~*~*~ (stealth).
 12010 | Lair:4   | 12010 ||| Stepping ~*~*~tactically~*~*~ (stealth).
 12024 | Lair:4   | Received a gift from Okawaru
 12100 | Lair:4   | 12100 ||| DROPPING +0 vorpal war axe.
 12451 | Lair:4   | Found a viscous altar of Jiyva.
 12453 | Lair:4   | Found a staircase to the Slime Pits.
 12813 | Lair:4   | 12813 ||| DROPPING scarf of invisibility.
 12824 | Lair:5   | Entered Level 5 of the Lair of Beasts
 12838 | Lair:5   | 12838 ||| Stepping ~*~*~tactically~*~*~ (stealth).
 12843 | Lair:5   | 12843 ||| INVOKING Heroism.
 12862 | Lair:5   | 12862 ||| Stepping ~*~*~tactically~*~*~ (stealth).
 12871 | Lair:5   | 12871 ||| Stepping ~*~*~tactically~*~*~ (stealth).
 12872 | Lair:5   | 12872 ||| Stepping ~*~*~tactically~*~*~ (stealth).
 12873 | Lair:5   | 12873 ||| INVOKING Finesse.
 12882 | Lair:5   | 12882 ||| INVOKING Heroism.
 13012 | Lair:5   | 13012 ||| READING scroll of enchant weapon.
 13012 | Lair:5   | 13012 ||| ENCHANTING +1 broad axe of flaming.
 13040 | Lair:5   | Reached skill level 14 in Axes
 13052 | Lair:5   | 13052 ||| INVOKING Heroism.
 13062 | Lair:5   | Noticed Snorg
 13063 | Lair:5   | 13063 ||| INVOKING Finesse.
 13090 | Lair:5   | Killed Snorg
 13238 | Lair:5   | Received a gift from Okawaru
 13264 | Lair:5   | 13264 ||| FLEEEEING.
 13265 | Lair:5   | 13265 ||| FLEEEEING.
 13268 | Lair:5   | 13268 ||| FLEEEEING.
 13321 | Lair:5   | Reached ****** piety under Okawaru
 13401 | Lair:5   | 13401 ||| READING scroll of enchant armour.
 13401 | Lair:5   | 13401 ||| ENCHANTING +1 pair of gloves.
 13624 | Lair:5   | 13624 ||| INVOKING Heroism.
 13678 | Lair:5   | 13678 ||| FLEEEEING.
 13679 | Lair:5   | 13679 ||| FLEEEEING.
 13680 | Lair:5   | 13680 ||| Stepping ~*~*~tactically~*~*~ (hiding).
 13681 | Lair:5   | 13681 ||| INVOKING Heroism.
 13682 | Lair:5   | 13682 ||| Stepping ~*~*~tactically~*~*~ (cloud).
 13775 | Lair:5   | 13775 ||| READING scroll of enchant armour.
 13775 | Lair:5   | 13775 ||| ENCHANTING +0 plate armour.
 13786 | Lair:5   | 13786 ||| Stepping ~*~*~tactically~*~*~ (stealth).
 13788 | Lair:5   | 13788 ||| Stepping ~*~*~tactically~*~*~ (hiding).
 13792 | Lair:5   | 13792 ||| INVOKING Heroism.
 13857 | Lair:5   | 13857 ||| INVOKING Heroism.
 13904 | Lair:5   | 13904 ||| Stepping ~*~*~tactically~*~*~ (stealth).
 13905 | Lair:5   | 13905 ||| INVOKING Heroism.
 13906 | Lair:5   | 13906 ||| Stepping ~*~*~tactically~*~*~ (stealth).
 13907 | Lair:5   | 13907 ||| Stepping ~*~*~tactically~*~*~ (stealth).
 13911 | Lair:5   | Received a gift from Okawaru
 13948 | Lair:5   | 13948 ||| INVOKING Heroism.
 13953 | Lair:5   | 13953 ||| Stepping ~*~*~tactically~*~*~ (stealth).
 14069 | Lair:5   | 14069 ||| Stepping ~*~*~tactically~*~*~ (stealth).
 14071 | Lair:5   | 14071 ||| Stepping ~*~*~tactically~*~*~ (hiding).
 14086 | Lair:5   | 14086 ||| INVOKING Heroism.
 14117 | Lair:5   | 14117 ||| Stepping ~*~*~tactically~*~*~ (stealth).
 14135 | Lair:5   | 14135 ||| INVOKING Heroism.
 14136 | Lair:5   | HP: 20/84 [molten gargoyle/+0 flail (10)]
 14137 | Lair:5   | 14137 ||| READING 9 scrolls of teleportation.
 14137 | Lair:5   | HP: 8/84 [molten gargoyle/bolt of magma (13)]
 14138 | Lair:5   | 14138 ||| DRINKING 3 potions of heal wounds.
 14141 | Lair:5   | 14141 ||| DRINKING 2 potions of heal wounds.
 14143 | Lair:5   | Gained mutation: Your large and strong wings let you fly.
                  | [Gargoyle growth]
 14143 | Lair:5   | Reached XP level 14. HP: 48/90 MP: 19/21
 14484 | Lair:5   | 14484 ||| Stepping ~*~*~tactically~*~*~ (stealth).
 14489 | Lair:5   | 14489 ||| INVOKING Heroism.
 14500 | Lair:5   | Reached skill level 15 in Axes
 14503 | Lair:5   | Found a large runed translucent door.
 14503 | Lair:5   | Found a large runed translucent door.
 14557 | Lair:5   | 14557 ||| FLEEEEING.
 14558 | Lair:5   | 14558 ||| FLEEEEING.
 14579 | Lair:5   | 14579 ||| FLEEEEING.
 14767 | Lair:5   | 14767 ||| Stepping ~*~*~tactically~*~*~ (stealth).
 14900 | Lair:5   | 14900 ||| PLANNING D:1-11
 14900 | Lair:5   | 14900 ||| READING scroll labelled TARAUTZ BECOI.
 14901 | Lair:5   | 14901 ||| READING 4 scrolls of identify.
 14901 | Lair:5   | 14901 ||| IDENTIFYING metallic inky potion
 15119 | D:9      | 15119 ||| INVOKING Heroism.
 15157 | D:9      | Found a sacrificial altar of Ru.
 15159 | D:9      | Found a shimmering altar of Xom.
 15219 | D:9      | Found a blossoming altar of Fedhas.
 15443 | D:9      | Found Simorel's Assorted Antiques.
 15446 | D:9      | 15446 ||| FLEEEEING.
 15528 | D:9      | 15528 ||| BUYING opal ring (170 gold).
 15528 | D:9      | Bought an opal ring for 170 gold pieces
 15528 | D:9      | 15528 ||| BUYING potion of heal wounds (170 gold).
 15528 | D:9      | Bought a potion of heal wounds for 170 gold pieces
 15528 | D:9      | 15528 ||| BUYING potion of lignification (102 gold).
 15528 | D:9      | Bought a potion of lignification for 102 gold pieces
 15528 | D:9      | 15528 ||| BUYING scroll of identify (68 gold).
 15528 | D:9      | Bought a scroll of identify for 68 gold pieces
 15528 | D:9      | 15528 ||| BUYING scroll of teleportation (102 gold).
 15528 | D:9      | Bought a scroll of teleportation for 102 gold pieces
 15759 | D:9      | 15759 ||| DROPPING ring of magical power.
 15760 | D:9      | 15760 ||| READING 4 scrolls of identify.
 15760 | D:9      | 15760 ||| IDENTIFYING metallic amethyst potion
 15761 | D:9      | 15761 ||| DROPPING potion of invisibility.
 15793 | D:10     | Entered Level 10 of the Dungeon
 15793 | D:10     | Found a sparkling altar of Nemelex Xobeh.
 15844 | D:10     | Noticed Amaemon
 15853 | D:10     | Killed Amaemon
 16006 | D:10     | 16006 ||| Stepping ~*~*~tactically~*~*~ (stealth).
 16008 | D:10     | 16008 ||| INVOKING Heroism.
 16064 | D:10     | 16064 ||| Stepping ~*~*~tactically~*~*~ (stealth).
 16094 | D:10     | Noticed Grum
 16095 | D:10     | 16095 ||| INVOKING Heroism.
 16096 | D:10     | 16096 ||| INVOKING Finesse.
 16107 | D:10     | Found an ancient bone altar of Kikubaaqudgha.
 16111 | D:10     | Killed Grum
 16122 | D:10     | Noticed Harold
 16132 | D:10     | Killed Harold
 16132 | D:10     | Identified the +5 glaive of the Wasp {vorpal, rCorr MP+9}
                  | (Okawaru gifted it to you on level 10 of the Dungeon)
 16132 | D:10     | Received a gift from Okawaru
 16202 | D:10     | Noticed Psyche
 16210 | D:10     | Killed Psyche
 16240 | D:10     | 16240 ||| FLEEEEING.
 16260 | D:10     | Reached skill level 12 in Fighting
 16323 | D:10     | 16323 ||| Stepping ~*~*~tactically~*~*~ (stealth).
 16479 | D:10     | Found a bloodstained altar of Trog.
 16507 | D:10     | 16507 ||| Stepping ~*~*~tactically~*~*~ (stealth).
 16508 | D:10     | 16508 ||| Stepping ~*~*~tactically~*~*~ (stealth).
 16510 | D:10     | 16510 ||| Stepping ~*~*~tactically~*~*~ (stealth).
 16513 | D:10     | 16513 ||| Stepping ~*~*~tactically~*~*~ (stealth).
 16597 | D:10     | 16597 ||| UPGRADING to +0 pair of boots.
 16634 | D:11     | 16634 ||| Stepping ~*~*~tactically~*~*~ (stealth).
 16636 | D:11     | 16636 ||| Stepping ~*~*~tactically~*~*~ (hiding).
 16639 | D:11     | 16639 ||| Stepping ~*~*~tactically~*~*~ (hiding).
 16642 | D:11     | 16642 ||| INVOKING Heroism.
 16643 | D:11     | 16643 ||| INVOKING Finesse.
 16789 | D:11     | 16789 ||| FLEEEEING.
 16790 | D:11     | 16790 ||| FLEEEEING.
 16791 | D:11     | 16791 ||| FLEEEEING.
 16792 | D:11     | 16792 ||| FLEEEEING.
 16793 | D:11     | 16793 ||| FLEEEEING.
 16794 | D:11     | 16794 ||| FLEEEEING.
 16795 | D:11     | 16795 ||| FLEEEEING.
 16796 | D:11     | 16796 ||| FLEEEEING.
 16797 | D:11     | 16797 ||| FLEEEEING.
 16892 | D:11     | 16892 ||| INVOKING Heroism.
 16924 | D:11     | Found a staircase to the Orcish Mines.
 16994 | D:11     | 16994 ||| Stepping ~*~*~tactically~*~*~ (stealth).
 17028 | D:11     | Noticed Fannar
 17029 | D:11     | 17029 ||| INVOKING Heroism.
 17036 | D:11     | Killed Fannar
 17091 | D:11     | 17091 ||| FLEEEEING.
 17107 | D:11     | 17107 ||| INVOKING Heroism.
 17125 | D:11     | Reached skill level 12 in Armour
 17129 | D:11     | Noticed Erolcha
 17130 | D:11     | 17130 ||| INVOKING Finesse.
 17144 | D:11     | 17144 ||| INVOKING Heroism.
 17154 | D:11     | 17154 ||| Stepping ~*~*~tactically~*~*~ (hiding).
 17163 | D:11     | Killed Erolcha
 17165 | D:11     | 17165 ||| Stepping ~*~*~tactically~*~*~ (stealth).
 17189 | D:11     | 17189 ||| Stepping ~*~*~tactically~*~*~ (stealth).
 17193 | D:11     | 17193 ||| Stepping ~*~*~tactically~*~*~ (stealth).
 17196 | D:11     | 17196 ||| Stepping ~*~*~tactically~*~*~ (stealth).
 17198 | D:11     | 17198 ||| Stepping ~*~*~tactically~*~*~ (stealth).
 17214 | D:11     | 17214 ||| Stepping ~*~*~tactically~*~*~ (stealth).
 17227 | D:11     | 17227 ||| Stepping ~*~*~tactically~*~*~ (stealth).
 17397 | D:11     | 17397 ||| Stepping ~*~*~tactically~*~*~ (stealth).
 17399 | D:11     | 17399 ||| Stepping ~*~*~tactically~*~*~ (stealth).
 17427 | D:11     | 17427 ||| Stepping ~*~*~tactically~*~*~ (stealth).
 17434 | D:11     | 17434 ||| INVOKING Heroism.
 17463 | D:11     | 17463 ||| Stepping ~*~*~tactically~*~*~ (stealth).
 17477 | D:11     | 17477 ||| Stepping ~*~*~tactically~*~*~ (stealth).
 17478 | D:11     | 17478 ||| Stepping ~*~*~tactically~*~*~ (stealth).
 17480 | D:11     | 17480 ||| Stepping ~*~*~tactically~*~*~ (stealth).
 17482 | D:11     | 17482 ||| Stepping ~*~*~tactically~*~*~ (stealth).
 17497 | D:11     | 17497 ||| INVOKING Heroism.
 17534 | D:11     | Found a shadowy altar of Dithmenos.
 17536 | D:11     | 17536 ||| Stepping ~*~*~tactically~*~*~ (stealth).
 17537 | D:11     | 17537 ||| INVOKING Heroism.
 17556 | D:11     | 17556 ||| Stepping ~*~*~tactically~*~*~ (stealth).
 17570 | D:11     | Found a basalt altar of Yredelemnul.
 17573 | D:11     | 17573 ||| Stepping ~*~*~tactically~*~*~ (stealth).
 17574 | D:11     | 17574 ||| Stepping ~*~*~tactically~*~*~ (stealth).
 17579 | D:11     | 17579 ||| Stepping ~*~*~tactically~*~*~ (stealth).
 17579 | D:11     | Found a runed translucent door.
 17584 | D:11     | Found a hazy altar of Hepliaklqana.
 17589 | D:11     | 17589 ||| Stepping ~*~*~tactically~*~*~ (stealth).
 17599 | D:11     | Found a hazy altar of Hepliaklqana.
 17600 | D:11     | 17600 ||| Stepping ~*~*~tactically~*~*~ (stealth).
 17679 | D:11     | 17679 ||| Stepping ~*~*~tactically~*~*~ (stealth).
 17684 | D:11     | 17684 ||| Stepping ~*~*~tactically~*~*~ (stealth).
 17706 | D:11     | 17706 ||| Stepping ~*~*~tactically~*~*~ (stealth).
 17707 | D:11     | 17707 ||| Stepping ~*~*~tactically~*~*~ (stealth).
 17711 | D:11     | 17711 ||| Stepping ~*~*~tactically~*~*~ (stealth).
 17725 | D:11     | 17725 ||| Stepping ~*~*~tactically~*~*~ (stealth).
 17738 | D:11     | 17738 ||| Stepping ~*~*~tactically~*~*~ (stealth).
 17739 | D:11     | 17739 ||| Stepping ~*~*~tactically~*~*~ (stealth).
 17746 | D:11     | 17746 ||| Stepping ~*~*~tactically~*~*~ (stealth).
 17758 | D:11     | Found an ancient bone altar of Kikubaaqudgha.
 17760 | D:11     | Found an ornate altar of the Wu Jian Council.
 17779 | D:11     | 17779 ||| Stepping ~*~*~tactically~*~*~ (stealth).
 17780 | D:11     | 17780 ||| Stepping ~*~*~tactically~*~*~ (stealth).
 17781 | D:11     | 17781 ||| Stepping ~*~*~tactically~*~*~ (stealth).
 17796 | D:11     | 17796 ||| Stepping ~*~*~tactically~*~*~ (stealth).
 17858 | D:11     | 17858 ||| PLANNING D
 17946 | D:12     | 17946 ||| INVOKING Heroism.
 17949 | D:12     | 17949 ||| INVOKING Finesse.
 17965 | D:12     | Identified the +0 buckler "Jakhig" {Will- MP-9 Int+7}
                  | (Okawaru gifted it to you on level 12 of the Dungeon)
 17965 | D:12     | Received a gift from Okawaru
 18031 | D:12     | 18031 ||| FLEEEEING.
 18032 | D:12     | 18032 ||| FLEEEEING.
 18033 | D:12     | 18033 ||| FLEEEEING.
 18034 | D:12     | 18034 ||| FLEEEEING.
 18035 | D:12     | 18035 ||| FLEEEEING.
 18036 | D:12     | 18036 ||| FLEEEEING.
 18041 | D:12     | 18041 ||| STAIRDANCE
 18161 | D:12     | 18161 ||| INVOKING Heroism.
 18313 | D:12     | 18313 ||| Stepping ~*~*~tactically~*~*~ (stealth).
 18338 | D:12     | Reached skill level 16 in Axes
 18678 | D:12     | 18678 ||| DROPPING +0 buckler "Jakhig" {Will- MP-9 Int+7}.
 19061 | D:13     | 19061 ||| INVOKING Heroism.
 19375 | D:13     | 19375 ||| Stepping ~*~*~tactically~*~*~ (hiding).
 19676 | D:13     | 19676 ||| Stepping ~*~*~tactically~*~*~ (stealth).
 19723 | D:13     | 19723 ||| Stepping ~*~*~tactically~*~*~ (hiding).
 19953 | D:13     | 19953 ||| UPGRADING to amulet of reflection.
 19963 | D:13     | 19963 ||| DROPPING amulet of the acrobat.
 19964 | D:13     | 19964 ||| READING 7 scrolls of identify.
 19964 | D:13     | 19964 ||| IDENTIFYING cyan potion
 19965 | D:13     | 19965 ||| DROPPING potion of degeneration.
 20012 | D:14     | Noticed Jorgrun
 20013 | D:14     | 20013 ||| INVOKING Heroism.
 20014 | D:14     | 20014 ||| INVOKING Finesse.
 20030 | D:14     | Reached XP level 15. HP: 60/96 MP: 15/22
 20039 | D:14     | HP: 14/96 [Jorgrun/iron shot (40)]
 20040 | D:14     | 20040 ||| READING 10 scrolls of teleportation.
 20041 | D:14     | 20041 ||| DRINKING 4 potions of heal wounds.
 20044 | D:14     | Reached skill level 3 in Dodging
 20044 | D:14     | Killed Jorgrun
 20054 | D:14     | 20054 ||| INVOKING Heroism.
 20089 | D:14     | HP: 19/96 [vault guard/+3 great mace of holy wrath (9)]
 20090 | D:14     | 20090 ||| READING 9 scrolls of teleportation.
 20091 | D:14     | 20091 ||| DRINKING 3 potions of heal wounds.
 20291 | D:14     | 20291 ||| INVOKING Heroism.
 20355 | D:14     | Reached skill level 17 in Axes
 20493 | D:14     | Received a gift from Okawaru
 20615 | D:14     | Identified the +1 ring mail of Gozag's Castigation {rPois}
 20795 | D:14     | Found a gate to the Vaults.
 20954 | D:14     | 20954 ||| UPGRADING to +1 plate armour of willpower.
 20964 | D:14     | 20964 ||| DROPPING +1 plate armour.
 20980 | D:15     | Entered Level 15 of the Dungeon
 20981 | D:15     | 20981 ||| PLANNING GAUNTLET
 21067 | D:15     | Found a gate leading to a gauntlet.
 21076 | Gauntlet | Entered a Gauntlet
 21076 | Gauntlet | Found a transporter.
 21076 | Gauntlet | Found a transporter.
 21076 | Gauntlet | Found a transporter.
 21080 | Gauntlet | Found a transporter.
 21080 | Gauntlet | Found a transporter.
 21081 | Gauntlet | Found a transporter.
 21094 | Gauntlet | Found a transporter.
 21095 | Gauntlet | Found a transporter.
 21104 | Gauntlet | Found a transporter.
 21207 | Gauntlet | Found a transporter.
 21211 | Gauntlet | Found a transporter.
 21225 | Gauntlet | Found a transporter.
 21290 | Gauntlet | 21290 ||| INVOKING Heroism.
 21329 | Gauntlet | 21329 ||| DROPPING amulet of guardian spirit.
 21330 | Gauntlet | 21330 ||| READING 7 scrolls of identify.
 21330 | Gauntlet | 21330 ||| IDENTIFYING amethyst potion
 21340 | Gauntlet | 21340 ||| INVOKING Heroism.
 21432 | Gauntlet | Identified the +1 helmet of Leucvawk {*Corrode rF+ Dex+3}
 21434 | Gauntlet | 21434 ||| UPGRADING to +1 helmet of Leucvawk {*Corrode rF+
                  | Dex+3}.
 21457 | Gauntlet | Identified the +9 glaive "Riarchoni" {vorpal, rF+ Dex+7}
 21458 | Gauntlet | 21458 ||| INVOKING Heroism.
 21579 | Gauntlet | Identified the +3 halberd "Roehefra" {vorpal, +Blink rPois
                  | rN+}
 21601 | Gauntlet | 21601 ||| DROPPING orb of guile.
 21607 | D:15     | 21607 ||| PLANNING D
 21623 | D:15     | 21623 ||| Stepping ~*~*~tactically~*~*~ (stealth).
 21625 | D:15     | 21625 ||| Stepping ~*~*~tactically~*~*~ (stealth).
 21627 | D:15     | 21627 ||| Stepping ~*~*~tactically~*~*~ (stealth).
 21628 | D:15     | 21628 ||| Stepping ~*~*~tactically~*~*~ (stealth).
 21631 | D:15     | 21631 ||| Stepping ~*~*~tactically~*~*~ (stealth).
 21632 | D:15     | 21632 ||| Stepping ~*~*~tactically~*~*~ (stealth).
 21641 | D:15     | 21641 ||| Stepping ~*~*~tactically~*~*~ (stealth).
 21642 | D:15     | 21642 ||| Stepping ~*~*~tactically~*~*~ (stealth).
 21644 | D:15     | 21644 ||| Stepping ~*~*~tactically~*~*~ (stealth).
 21727 | D:15     | 21727 ||| Stepping ~*~*~tactically~*~*~ (hiding).
 21770 | D:15     | 21770 ||| FLEEEEING.
 21771 | D:15     | 21771 ||| FLEEEEING.
 21772 | D:15     | 21772 ||| FLEEEEING.
 21773 | D:15     | 21773 ||| FLEEEEING.
 21774 | D:15     | 21774 ||| FLEEEEING.
 21775 | D:15     | 21775 ||| FLEEEEING.
 21782 | D:15     | 21782 ||| FLEEEEING.
 21783 | D:15     | 21783 ||| FLEEEEING.
 21792 | D:15     | 21792 ||| FLEEEEING.
 21793 | D:15     | 21793 ||| FLEEEEING.
 21794 | D:15     | 21794 ||| FLEEEEING.
 21795 | D:15     | 21795 ||| FLEEEEING.
 21798 | D:15     | 21798 ||| FLEEEEING.
 21799 | D:15     | 21799 ||| FLEEEEING.
 21800 | D:15     | 21800 ||| FLEEEEING.
 21806 | D:15     | 21806 ||| STAIRDANCE
 21860 | D:14     | 21860 ||| DROPPING +6 ring of intelligence.
 21899 | D:15     | 21899 ||| INVOKING Heroism.
 21909 | D:15     | 21909 ||| Stepping ~*~*~tactically~*~*~ (stealth).
 21930 | D:15     | 21930 ||| INVOKING Heroism.
 22063 | D:15     | 22063 ||| Stepping ~*~*~tactically~*~*~ (stealth).
 22184 | D:15     | 22184 ||| INVOKING Heroism.
 22504 | D:15     | 22504 ||| INVOKING Heroism.
 22510 | D:15     | Received a gift from Okawaru
 22583 | D:15     | 22583 ||| READING scroll of enchant weapon.
 22583 | D:15     | 22583 ||| ENCHANTING +2 broad axe of flaming.
 22596 | D:15     | 22596 ||| INVOKING Heroism.
 22694 | D:15     | 22694 ||| INVOKING Heroism.
 22855 | D:15     | 22855 ||| FLEEEEING.
 22856 | D:15     | 22856 ||| FLEEEEING.
 22857 | D:15     | 22857 ||| FLEEEEING.
 22858 | D:15     | 22858 ||| FLEEEEING.
 22859 | D:15     | 22859 ||| FLEEEEING.
 22867 | D:15     | 22867 ||| FLEEEEING.
 22868 | D:15     | 22868 ||| FLEEEEING.
 22877 | D:15     | 22877 ||| FLEEEEING.
 22878 | D:15     | 22878 ||| FLEEEEING.
 22879 | D:15     | 22879 ||| FLEEEEING.
 22880 | D:15     | 22880 ||| FLEEEEING.
 22881 | D:15     | 22881 ||| FLEEEEING.
 22883 | D:15     | 22883 ||| FLEEEEING.
 22885 | D:15     | 22885 ||| FLEEEEING.
 22891 | D:15     | 22891 ||| STAIRDANCE
 23164 | D:15     | Found a staircase to the Depths.
 23165 | D:15     | 23165 ||| INVOKING Heroism.
 23291 | D:15     | 23291 ||| PLANNING ORC
 23404 | D:11     | 23404 ||| Stepping ~*~*~tactically~*~*~ (stealth).
 23476 | Orc:1    | Entered Level 1 of the Orcish Mines
 23510 | Orc:1    | 23510 ||| INVOKING Heroism.
 23639 | Orc:2    | Entered Level 2 of the Orcish Mines
 23642 | Orc:2    | 23642 ||| STAIRDANCE
 23650 | Orc:2    | 23650 ||| STAIRDANCE
 23680 | Orc:2    | 23680 ||| STAIRDANCE
 23741 | Orc:2    | 23741 ||| INVOKING Heroism.
 23752 | Orc:2    | Found Tunod's Antique Weapon Shoppe.
 23816 | Orc:2    | Found a staircase to the Elven Halls.
 23972 | Orc:2    | 23972 ||| INVOKING Heroism.
 24032 | Orc:2    | Found Lyomom's Book Shop.
 24085 | Orc:2    | Noticed an orc warlord
 24086 | Orc:2    | 24086 ||| INVOKING Heroism.
 24087 | Orc:2    | 24087 ||| INVOKING Finesse.
 24088 | Orc:2    | Found Puepiud's General Store.
 24111 | Orc:2    | 24111 ||| INVOKING Finesse.
 24111 | Orc:2    | HP: 17/98 [orc warlord/+2 vorpal long sword (19)]
 24111 | Orc:2    | HP: 6/98 [orc high priest/+0 halberd (7)]
 24112 | Orc:2    | 24112 ||| READING 9 scrolls of teleportation.
 24113 | Orc:2    | 24113 ||| DRINKING 2 potions of heal wounds.
 24116 | Orc:2    | Reached skill level 6 in Throwing
 24137 | Orc:2    | HP: 10/98 [orc warrior/+2 glaive of flaming[an orc knight]
                  | (18)]
 24138 | Orc:2    | 24138 ||| READING 8 scrolls of teleportation.
 24138 | Orc:2    | HP: 1/98 [orc priest/divine providence (9)]
 24139 | Orc:2    | 24139 ||| DRINKING potion of heal wounds.
 24165 | Orc:2    | 24165 ||| INVOKING Heroism.
 24168 | Orc:2    | 24168 ||| Stepping ~*~*~tactically~*~*~ (stealth).
 24169 | Orc:2    | 24169 ||| Stepping ~*~*~tactically~*~*~ (stealth).
 24190 | Orc:2    | Reached XP level 16. HP: 35/104 MP: 20/23
 24232 | Orc:2    | 24232 ||| INVOKING Heroism.
 24317 | Orc:2    | 24317 ||| INVOKING Heroism.
 24457 | Orc:2    | 24457 ||| INVOKING Heroism.
 24458 | Orc:2    | 24458 ||| INVOKING Finesse.
 24472 | Orc:2    | Identified the +5 glaive "Korpho" {freeze, Str+3 Int+5
                  | Dex-3} (Okawaru gifted it to you on level 2 of the Orcish
                  | Mines)
 24472 | Orc:2    | Received a gift from Okawaru
 24632 | Orc:2    | 24632 ||| INVOKING Heroism.
 24633 | Orc:2    | 24633 ||| INVOKING Finesse.
 24638 | Orc:2    | 24638 ||| Stepping ~*~*~tactically~*~*~ (hiding).
 24641 | Orc:2    | 24641 ||| Stepping ~*~*~tactically~*~*~ (hiding).
 24673 | Orc:2    | Found Fivogoer's Antique Armour Emporium.
 24676 | Orc:2    | 24676 ||| INVOKING Heroism.
 25009 | Orc:2    | 25009 ||| BUYING potion of curing (39 gold).
 25009 | Orc:2    | Bought a potion of curing for 39 gold pieces
 25009 | Orc:2    | 25009 ||| BUYING potion of curing (39 gold).
 25009 | Orc:2    | Bought a potion of curing for 39 gold pieces
 25009 | Orc:2    | 25009 ||| BUYING potion of lignification (39 gold).
 25009 | Orc:2    | Bought a potion of lignification for 39 gold pieces
 25009 | Orc:2    | 25009 ||| BUYING ring of resist corrosion (260 gold).
 25009 | Orc:2    | Bought a ring of resist corrosion for 260 gold pieces
 25009 | Orc:2    | 25009 ||| BUYING scroll of identify (26 gold).
 25009 | Orc:2    | Bought a scroll of identify for 26 gold pieces
 25179 | Orc:2    | 25179 ||| PLANNING SWAMP:1-3
 25179 | Orc:2    | 25179 ||| UPGRADING to ring of resist corrosion.
 25439 | Swamp:1  | Entered Level 1 of the Swamp
 25440 | Swamp:1  | 25440 ||| INVOKING Heroism.
 25463 | Swamp:1  | HP: 7/104 [alligator[a spriggan druid] (21)]
 25464 | Swamp:1  | 25464 ||| READING 7 scrolls of teleportation.
 25469 | Swamp:1  | 25469 ||| READING 6 scrolls of teleportation.
 25475 | Swamp:1  | 25475 ||| READING 5 scrolls of teleportation.
 25476 | Swamp:1  | HP: 4/104 [spriggan/+0 short sword[a spriggan druid] (3)]
 25678 | Swamp:1  | 25678 ||| INVOKING Heroism.
 25701 | Swamp:1  | HP: 21/104 [alligator[a spriggan druid] (17)]
 25702 | Swamp:1  | 25702 ||| READING 4 scrolls of teleportation.
 25708 | Swamp:1  | 25708 ||| READING 3 scrolls of teleportation.
 25709 | Swamp:1  | HP: 14/104 [bog body (9)]
 25709 | Swamp:1  | Mangled by a bog body

Levels and vault maps discovered:
D:1:      spicycebolla_arrival_ecumenical, layout_loops_ring,
          kennysheep_pointless_box
D:2:      layout_basic
D:3:      layout_loops_ring, lemuel_zombie_altar_yredelemnul,
          grunt_decor_one_mirror
D:4:      layout_layer_cave, serial_shops, nicolae_shop_hallway_plus,
          nicolae_shop_waterfront, nicolae_shop_crystal
D:5:      layout_rooms, amcnicky_altar_gilded, lemuel_crystal_altar,
          minmay_temple_entry_sparse_star, minmay_misc_feat_roman,
          kennysheep_generic_room_15
D:6:      layout_loops_ring, old_standard_altar, uniq_sigmund,
          uniq_blork_the_orc, uniq_grinder
D:7:      layout_cave_pods, old_standard_altar, cheibriados_altar_1,
          gammafunk_ghost_cemetery
D:8:      layout_basic, cheibrodos_ashenzari_chains, dpeg_lair_monsters,
          serial_shops, nicolae_shop_hallway_stairs, uniq_maurice
D:9:      layout_basic, kennysheep_mini_moat, jmf_multi_god_temple,
          serial_shops, nicolae_inconvenience_store, minmay_nine_imps
D:10:     layout_loops_ring, trog_butcher_becter,
          mainiacjoe_overflow_small_starburst, mainiacjoe_overflow_paths,
          uniq_grum, uniq_harold, uniq_amaemon, uniq_psyche
D:11:     due_megacathedral, layout_irregular_city,
          minmay_orc_entry_temple_small, uniq_fannar, uniq_erolcha
D:12:     layout_rooms, chequers_serial_rivers_micro_d,
          minmay_misc_feat_nine_boxes
D:13:     layout_layer_cave, corexii_leaking_fountain
D:14:     nicolae_whirlpool, layout_irregular_city, ximxim_vaults_locker_room,
          minmay_misc_feat_room, uniq_jorgrun
D:15:     grunt_enter_depths_snipers, layout_gridville, serial_ice,
          serial_ice_o, serial_ice_b, serial_ice_a, serial_ice_k,
          gauntlet_entry_generic, grunt_ministairs_13
Temple:   hellmonk_temple_divided_pantheon
Lair:1:   layout_misc_corridors
Lair:2:   layout_cave_pods, skrybe_swamp_entry_bodies,
          hellmonk_spider_entry_life_and_decay, kennysheep_rathole
Lair:3:   lemuel_ratsnest, layout_loops_ring
Lair:4:   layout_regular_city, slime_entry_1, portal_ice_cave_rime,
          minivault_26, st_stairs_11
Lair:5:   cheibrodos_lair_end_hotspot, layout_cave_pods, st_stairs_4, uniq_snorg
Swamp:1:  layout_basic_swamp, ebering_ghost_disaster_area,
          hangedman_swamp_blocks, swamp_pool1, lightli_tree_ring
Orc:1:    layout_caves, nicolae_volcano_entry_two_sided
Orc:2:    grunt_orc_gardens, layout_caves, grunt_orc_garden, grunt_orc_garden,
          grunt_orc_garden, grunt_orc_garden, minmay_orc_barracks

Skill      XL: |  1  2  3  4  5  6  7  8  9 10 11 12 13 14 15 |
---------------+----------------------------------------------+-----
Axes           | 2 3 4 5 7 8 9 10 11 13 14 16 17 | 17.9
Throwing       | 2 3 4 6 |  6.1
Fighting       | 4 5 6 8 9 10 11 12 13 | 13.0
Dodging        | 1 2 4 |  4.0
Invocations    | 4 6 10 | 10.0
Shields        | 4 5 6 7 8 |  8.1
Armour         | 6 7 9 10 12 13 | 13.0

Action                   |  1- 3 |  4- 6 |  7- 9 | 10-12 | 13-15 | 16-18 || total
-------------------------+-------+-------+-------+-------+-------+-------++-------
Melee: War axe           |    83 |   167 |   222 |   358 |       |       ||   830
       Broad axe         |       |       |       |    83 |  1331 |   132 ||  1546
Throw: Javelin           |       |     8 |    39 |    49 |    95 |    11 ||   202
       Boomerang         |       |       |     1 |    26 |   164 |     8 ||   199
Invok: Heroism           |       |       |    12 |    17 |    47 |     7 ||    83
       Finesse           |       |       |       |     2 |    10 |     2 ||    14
  Use: Scroll            |     9 |     5 |     7 |     3 |    15 |     5 ||    44
       Potion            |     1 |     3 |     1 |     1 |     6 |       ||    12
 Stab: Petrified         |       |       |       |       |     1 |       ||     1
       Distracted        |       |       |       |       |     1 |       ||     1
Armor: Scale mail        |    37 |    88 |    88 |       |       |       ||   213
       Chain mail        |       |       |    16 |   157 |       |       ||   173
       Plate armour      |       |       |       |    60 |   776 |    62 ||   898
Dodge: Dodged            |    47 |    74 |    98 |   111 |   449 |    34 ||   813
Block: Buckler           |    24 |    36 |    36 |    90 |   422 |    63 ||   671
       Reflection        |       |       |       |       |    24 |     2 ||    26

Table legend:
 A = Non-vault XP
 B = Vault XP
 C = Vault XP percentage of total XP
 D = Non-vault monster count
 E = Vault monster count
 F = Vault count percentage of total count
                 A         B        C        D         E       F
            +---------+---------+-------+---------+---------+-------
      Total |   86098 |   56436 |  39.6 |     520 |     238 |  31.4
            +---------+---------+-------+---------+---------+-------
        D:1 |      67 |       0 |   0.0 |      24 |       0 |   0.0
        D:2 |      73 |       0 |   0.0 |      21 |       0 |   0.0
        D:3 |      85 |       2 |   2.3 |      13 |       2 |  13.3
        D:4 |     379 |       0 |   0.0 |      20 |       0 |   0.0
        D:5 |    1138 |      56 |   4.7 |      24 |       2 |   7.7
        D:6 |     445 |     561 |  55.8 |      10 |       3 |  23.1
        D:7 |     631 |       0 |   0.0 |      13 |       0 |   0.0
        D:8 |     287 |    7033 |  96.1 |      14 |       9 |  39.1
        D:9 |     902 |     707 |  43.9 |       6 |      11 |  64.7
       D:10 |    3345 |    3363 |  50.1 |      11 |      13 |  54.2
       D:11 |    7909 |    3220 |  28.9 |     123 |      17 |  12.1
       D:12 |    5659 |       0 |   0.0 |      22 |       0 |   0.0
       D:13 |    4236 |       0 |   0.0 |      11 |       0 |   0.0
       D:14 |    7832 |    7254 |  48.1 |      18 |      16 |  47.1
       D:15 |    8997 |    6243 |  41.0 |      23 |      16 |  41.0
     Lair:1 |    2992 |       0 |   0.0 |      14 |       0 |   0.0
     Lair:2 |    7034 |    1720 |  19.6 |      28 |      19 |  40.4
     Lair:3 |    9963 |    1531 |  13.3 |      31 |      35 |  53.0
     Lair:4 |    2460 |    1844 |  42.8 |      10 |       5 |  33.3
     Lair:5 |    9417 |    8971 |  48.8 |      28 |      32 |  53.3
    Swamp:1 |    6405 |       0 |   0.0 |      11 |       0 |   0.0
      Orc:1 |     765 |     391 |  33.8 |       8 |       3 |  27.3
      Orc:2 |    4029 |   10013 |  71.3 |      34 |      41 |  54.7
   Gauntlet |    1048 |    3527 |  77.1 |       3 |      14 |  82.4
            +---------+---------+-------+---------+---------+-------
